 Dungeon Crawl Stone Soup version 0.23.2-30-g0e89c35649 (webtiles) character file.

Game seed: 1984993412054265667

103 troglodite the Digger (level 5, -2/37 HPs)
             Began as a Formicid Earth Elementalist on June 17, 2019.
             Slain by a gnoll (7 damage)
             ... on level 2 of the Dungeon.
             The game lasted 00:10:25 (3371 turns).

troglodite the Digger (Formicid Earth Elementalist) Turns: 3371, Time: 00:10:27

Health: -2/37      AC:  8    Str: 12    XL:     5   Next: 6%
Magic:  5/8        EV: 11    Int: 21    God:
Gold:   136        SH:  0    Dex: 11    Spells: 3/9 levels left

rFire    . . .     SeeInvis +   i - +0 club
rCold    . . .     Gourm    .   (no shield)
rNeg     . . .     Faith    .   a - +0 ring mail
rPois    .         Spirit   .   (helmet unavailable)
rElec    .         Reflect  .   (no cloak)
rCorr    .         Harm     .   l - +2 pair of gloves
MR       .....                  (no boots)
Stlth    +.........             (no amulet)
HPRegen  0.12/turn              f - +5 ring of intelligence
MPRegen  0.11/turn              p - ring of wizardry

@: no status effects
A: permanent stasis, dig shafts and tunnels, four strong arms, antennae 3
a: Dig, Shaft Self


You were on level 2 of the Dungeon.
You were very hungry.

You visited 1 branch of the dungeon, and saw 3 of its levels.

You collected 136 gold pieces.

Inventory:

Hand Weapons
 i - a +0 club (weapon)
 j - a +0 spear
Missiles
 b - 100 stones (quivered)
Armour
 a - a +0 ring mail (worn)
 l - a +2 pair of gloves (worn)
Jewellery
 f - a +5 ring of intelligence (left hand)
 p - a ring of wizardry (right hand)
 r - an uncursed ring of ice
Scrolls
 e - a scroll of identify {unknown}
 m - 2 scrolls of remove curse {unknown}
 t - a scroll of fog {unknown}
Potions
 c - 2 potions of lignification {unknown}
 g - 2 potions of agility {unknown}
 h - 3 potions of curing {unknown}
 k - 2 potions of might {unknown}
 n - 2 potions of haste {unknown}
 o - 2 potions of flight {unknown}
 q - 2 potions of magic {unknown}
 s - a potion of heal wounds {unknown}
 u - a potion of cancellation {unknown}
Comestibles
 d - 4 rations


   Skills:
 * Level 1.3 Fighting
 + Level 0.8 Maces & Flails
 * Level 2.0 Armour
 * Level 2.3 Dodging
 + Level 2.5 Stealth
 * Level 2.5 Spellcasting
 * Level 0.3 Conjurations
 * Level 1.5 Transmutations
 * Level 4.2 Earth Magic


You had 3 spell levels left.
You knew the following spells:

 Your Spells              Type           Power        Failure   Level  Hunger
a - Sandblast             Erth           ###...       2%          1    None
b - Passwall              Tmut/Erth      ##......     6%          2    ##.....
c - Stone Arrow           Conj/Erth      ##....       14%         3    ###....

Your spell library contained the following spells:

 Spells                   Type           Power        Failure   Level  Hunger
 Petrify                  Tmut/Erth      ##......     34%         4    ####...
 Lee's Rapid Deconstruct  Erth           ###.......   50%         5    ######.


Dungeon Overview and Level Annotations

Branches:
Dungeon (3/15)

Altars:

Annotations:
D:3 Ijyb


Innate Abilities, Weirdness & Mutations

You cannot be hasted, slowed, berserked, paralysed or teleported.
You can dig through walls and to a lower floor.
Your four strong arms can wield two-handed weapons with a shield.
You have a pair of large antennae on your head. (SInv)


Message History

The gnoll is heavily wounded.
The gnoll hits you from afar with a +0 spear!
* * * LOW HITPOINT WARNING * * *
The gnoll hits you.
* * * LOW HITPOINT WARNING * * *
The gnoll hits you from afar with a +0 spear.
* * * LOW HITPOINT WARNING * * *
There is a stone staircase leading up here.
The gnoll hits you but does no damage. x2
You climb upwards.
There is a stone staircase leading down here.
Casting: Sandblast (safe; 2% risk of failure)
Confirm with . or Enter, or press ? or * to list all spells.
Aiming: Stone Arrow (safe; 14% risk of failure)
Press: ? - help, Shift-Dir - straight line, f - gnoll
Aim: a gnoll (heavily wounded)
The stone arrow hits the gnoll.
The gnoll is almost dead.
The gnoll hits you!
You die...

#....# #.# ###### #....#
#.# ########## #....# #.#
##........## #....####.#
##..........# #....'..#.#
##............
#....##.#.###.............
###'#<..#.##..............
#.#####.#...............
#......@#...............
#######g#.......≈..≈....
#.'........≈≈.....
#.'........≈§.....
#.#.......§..§....
#.#..........§....
#.#........§......
#.##..............
#..##.............


You could see a gnoll.

Vanquished Creatures
  Terence (D:2)
  2 adders
  A worm (D:3)
  A dart slug (D:3)
  2 leopard geckos
  An orc (D:3)
  5 bats (D:1)
  A giant cockroach (D:3)
  12 goblins
  9 hobgoblins
  3 frilled lizards
  5 kobolds
  5 rats
48 creatures vanquished.

Notes
Turn   | Place    | Note
-------+----------+-------------------------------------------
     0 | D:1      | troglodite the Formicid Earth Elementalist began the quest
                  | for the Orb.
     0 | D:1      | Reached XP level 1. HP: 13/13 MP: 3/3
   561 | D:1      | Reached skill level 4 in Earth Magic
   561 | D:1      | Reached XP level 2. HP: 15/19 MP: 5/5
  1053 | D:1      | Reached XP level 3. HP: 25/25 MP: 4/6
  1195 | D:1      | Learned a level 2 spell: Passwall
  1303 | D:1      | Reached skill level 1 in Armour
  1387 | D:1      | Learned a level 3 spell: Stone Arrow
  1422 | D:2      | Reached skill level 1 in Fighting
  1731 | D:2      | Found a faded altar of an unknown god.
  1821 | D:2      | Reached XP level 4. HP: 30/32 MP: 5/7
  2042 | D:3      | Noticed Terence
  2540 | D:3      | Noticed Ijyb
  2804 | D:2      | Killed Terence
  2804 | D:2      | Reached XP level 5. HP: 10/37 MP: 5/8
  3371 | D:2      | Slain by a gnoll

Skill      XL: |  1  2  3  4 |
---------------+-------------+-----
Earth Magic    | 4 |  4.2
Dodging        | 2 |  2.3
Armour         | 1 2 |  2.0
Fighting       | 1 |  1.3
Maces & Flails | |  0.8
Stealth        | |  2.5
Spellcasting   | |  2.5
Conjurations   | |  0.3
Transmutations | |  1.5

Action                   |  1- 3 |  4- 6 || total
-------------------------+-------+-------++-------
Melee: Unarmed           |    21 |       ||    21
       Club              |   152 |   121 ||   273
 Cast: Sandblast         |     3 |     9 ||    12
       Stone Arrow       |       |     3 ||     3
       Passwall          |       |     1 ||     1
 Stab: Sleeping          |     1 |       ||     1
  Eat: Chunk             |     3 |     1 ||     4
       Ration            |       |     1 ||     1
Armor: Ring mail         |    78 |    51 ||   129
       Robe              |     6 |       ||     6
Dodge: Dodged            |   110 |    97 ||   207
